 Dungeon Crawl Stone Soup version 0.28.0-43-g3370ac3207 (webtiles) character file.

Game seed: 11668644343582234586

777 mortz the Digger (level 8, -7/84 HPs)
             Began as a Formicid Earth Elementalist on Feb 28, 2022.
             Mangled by an orc warrior
             ... wielding a +0 long sword
              (13 damage)
             ... on level 7 of the Dungeon.
             The game lasted 01:07:46 (9228 turns).

mortz the Digger (Formicid Earth Elementalist)      Turns: 9228, Time: 01:07:47

Health: -7/84      AC: 24    Str: 14    XL:     8   Next: 10%
Magic:  12/13      EV:  2    Int: 16    God:
Gold:   20         SH:  5    Dex: 11    Spells: 8/14 levels left

rFire   . . .      SeeInvis .   f - +2 long sword {long}
rCold   . . .      Faith    .   (no shield)
rNeg    . . .      Spirit   .   (armour currently unavailable)
rPois   +          Reflect  +   (helmet unavailable)
rElec   .          Harm     .   (cloak currently unavailable)
rCorr   .          Rampage  .   (gloves currently unavailable)
Will    .....                   (boots currently unavailable)
Stlth   ++........              t - amulet of reflection
HPRegen 0.24/turn               b - ring of wizardry
MPRegen 0.13/turn               (no ring)

@: tree-form
A: stationary, stasis, torment immunity, boosted hp, permanent stasis, dig
shafts and tunnels, (antennae 3), four strong arms
a: no special abilities


You were on level 7 of the Dungeon.
You were a tree.
You visited 1 branch of the dungeon, and saw 7 of its levels.

You collected 254 gold pieces.
You spent 234 gold pieces at shops.


Innate Abilities, Weirdness & Mutations

You are a tree.
Your roots penetrate the ground, keeping you stationary.
You cannot be teleported.
You are immune to unholy pain and torment.
Your maximum health is greatly increased.
Your equipment is partially melded.
You cannot be hasted, slowed, berserked, paralysed or teleported.
You can dig through walls and to a lower floor.
((You have a pair of large antennae on your head. (SInv)))
Your four strong arms can wield two-handed weapons with a shield.


   Skills:
 + Level 2.0 Fighting
 + Level 1.3(2.9) Short Blades
 * Level 4.0(4.1) Long Blades
 + Level 0.7 Throwing
 + Level 2.1 Armour
 + Level 2.7 Dodging
 + Level 3.1 Stealth
 + Level 2.7 Shields
 + Level 3.9 Spellcasting
 + Level 1.1 Transmutations
 + Level 5.6 Earth Magic


You had 8 spell levels left.
You knew the following spells:

 Your Spells              Type           Power      Damage    Failure   Level
a - Sandblast             Erth           42%        2d11      1%          1
b - Passwall              Tmut/Erth      10%        N/A       2%          2
c - Stone Arrow           Conj/Erth      24%        3d8       6%          3

Your spell library contained the following spells:

 Spells                   Type           Power      Damage    Failure   Level
 Beastly Appendage        Tmut           12%        N/A       4%          1
 Wereblood                Tmut           6%         N/A       7%          2
 Spider Form              Tmut/Pois      4%         N/A       16%         3
 Petrify                  Tmut/Erth      13%        N/A       17%         4
 Confusing Touch          Hex            3%         N/A       21%         3
 Yara's Violent Unravell  Hex/Tmut       2%         3d3       80%         5
 Enfeeble                 Hex            1%         N/A       100%        7

Inventory:

Hand Weapons
 f - a +2 long sword (weapon) {long}
   (You found it on level 4 of the Dungeon)
 j - a +1 short sword of speed {short}
   (You took it off a kobold brigand on level 7 of the Dungeon)
 k - a +2 whip of pain {mace}
   (You took it off a kobold on level 7 of the Dungeon)
Missiles
 l - 2 curare-tipped darts {=fthrowing}
 u - 19 poisoned darts {throwing}
 z - 102 stones {throwing}
Armour
 a - a +2 robe of willpower (melded)
   (You bought it in a shop on level 6 of the Dungeon)
 p - a +0 leather armour
   (You found it on level 2 of the Dungeon)
 q - a +0 kite shield
   (You found it on level 2 of the Dungeon)
 A - a +0 scale mail
   (You found it on level 5 of the Dungeon)
 C - a +2 pair of boots (melded)
   (You bought it in a shop on level 6 of the Dungeon)
 F - a +0 pair of gloves (melded)
   (You found it on level 6 of the Dungeon)
Magical Staves
 e - a staff of death {!astaff}
   (You found it on level 1 of the Dungeon)
 n - a staff of air {!astaff}
   (You found it on level 2 of the Dungeon)
Jewellery
 b - a ring of wizardry (left branch)
   (You found it on level 6 of the Dungeon)
 t - an amulet of reflection (around neck)
   (You found it on level 5 of the Dungeon)
Scrolls
 c - a scroll of torment {unknown}
 g - a scroll of fog {unknown}
 w - a scroll of brand weapon {unknown}
 y - a scroll of enchant armour {unknown}
 B - 2 scrolls of fear
Potions
 d - a potion of mutation {unknown}
 h - a potion of lignification {!q}
 i - 4 potions of brilliance
 o - a potion of ambrosia {unknown}
 r - 2 potions of curing {@q1}
 x - a potion of haste {unknown}

Dungeon Overview and Level Annotations

Branches:
Dungeon (7/15)             Temple (0/1) D:7

Altars:
Gozag
Hepliaklqana
Okawaru
Ru
Uskayaw
Wu Jian
Xom
Zin

Shops:
D:6 ([:[

Annotations:
D:3 Ijyb

.......................#.#
#####.##.#.#.#o#.#....##.#
#.# ..........#.....# #.#
.<#.........# #.# ...
#.#..# #.# .# #.#..# #.# #
#.#..# #. ###)#..#####
#♣).)....... #o##..##....
. +##+###.# ##.. .
#.....#.# #.# ## #.....#.#
#.# # +##'.# #.# # #..#.#
#.# # #..#.# #.# # {
#..#..#.####.####


You could see an orc warrior.


Message History

u - 17 poisoned darts {throwing} (gained 3)
You see here a kobold corpse. 😕 MP[+1]
There are no objects that can be picked up here. a kobold corpse 😕 HP[+1]
z - 103 stones {throwing} (gained 3)
Things that are here:
a +0 dagger {short}; a kobold corpse
k - a +2 whip of pain {mace};
z - 105 stones {throwing} (gained 2)
u - 19 poisoned darts {throwing} (gained 2)
Items here: )) †††.
Okay, then. 😕 HP[+1] MP[+1]
The orc priest shouts!
The orc warrior shouts! 😕 HP[+1]
Items here: )) †††.
You see here a kobold corpse. 😕 MP[+1]
Your mp is fully restored (13).
Aiming: Sandblast (safe; 1% risk of failure)
Press: ? - help, Q - select action, (/) - cycle Shift-Dir - straight line, f - orc warrior
Aim: an orc warrior, wielding a +0 long sword and wearing a +0 plate armour (81% to hit)
The blast of sand hits the orc warrior but does no damage. 😕 HP[+1] MP[-1]
You lost 1 mp, and now have 12/13 mp.
You slash the orc warrior! The orc warrior misses you.
You barely miss the orc warrior.
The orc warrior hits you with a +0 long sword! 😕 HP[-9]
You take 9 damage, and now have 43/56 hp.
You hit the orc warrior but do no damage.
The orc warrior hits you with a +0 long sword. 😮 HP[-1]
You take 1 damage, and now have 42/56 hp.
Aiming: Sandblast (safe; 1% risk of failure)
Press: ? - help, Q - select action, (/) - cycle Shift-Dir - straight line, f/p - orc warrior
Aim: an orc warrior, wielding a +0 long sword and wearing a +0 plate armour (moderately wounded, 81% to hit)
The blast of sand hits the orc warrior.
The orc priest mumbles some strange prayers to Beogh against you.
You easily resist.
The orc warrior hits you with a +0 long sword. 😮 HP[-1] MP[-1]
You take 1 damage, and now have 41/56 hp.
You lost 1 mp, and now have 11/13 mp.
Aiming: Sandblast (safe; 1% risk of failure)
Press: ? - help, Q - select action, (/) - cycle Shift-Dir - straight line, f - orc priest, p - orc warrior
Aim: an orc priest, wielding a +0 dagger (81% to hit)
The blast of sand hits the orc priest!
The orc warrior barely misses you. 😮 HP[+1] MP[-1]
You lost 1 mp, and now have 10/13 mp.
You slash the orc priest!
You kill the orc priest!
You block the orc warrior's attack.
Your Long Blades skill increases to level 4! 😮 MP[+1]
You hit the orc warrior but do no damage.
The orc warrior hits you with a +0 long sword!!
* * * LOW HITPOINT WARNING * * *
😨 HP[-18]
You take 18 damage, and now have 24/56 hp.
MASSIVE DAMAGE!! (PAUSE)
You hit the orc warrior.
The orc warrior hits you with a +0 long sword.
* * * LOW HITPOINT WARNING * * *
😨 HP[-1]
You take 1 damage, and now have 23/56 hp.
You hit the orc warrior. The orc warrior barely misses you.
You barely miss the orc warrior.
The orc warrior hits you with a +0 long sword!
* * * LOW HITPOINT WARNING * * *
The orc warrior hits you with a +0 long sword.
* * * LOW HITPOINT WARNING * * *
😱 HP[-11]
You take 11 damage, and now have 12/56 hp.
You slash the orc warrior!
The orc warrior hits you with a +0 long sword.
* * * LOW HITPOINT WARNING * * *
😱 HP[-4]
You take 4 damage, and now have 8/56 hp.
You barely miss the orc warrior. Your punch misses the orc warrior.
The orc warrior closely misses you.
Really quaff
h - 2 potions of lignification {!q}?
Uppercase [Y]es or [N]o only, please.
Really quaff
h - 2 potions of lignification {!q}?
Really quaff the potion of lignification?
You turn into a tree.
Your +0 pair of gloves melds into your body.
Your +2 pair of boots melds into your body.
Your +2 robe of willpower melds into your body.
You feel less strong-willed.
Your roots penetrate the ground.
The orc warrior hits you with a +0 long sword!
* * * LOW HITPOINT WARNING * * *
😱 HP[-2] MP[+1]
You now have 84 max hp (+28).
An orc warrior is nearby!
An orc warrior is nearby!
The orc warrior hits you with a +0 long sword!
You die...

Skill      XL: |  1  2  3  4  5  6  7  8 |
---------------+-------------------------+-----
Earth Magic    | 4 5 |  5.6
Spellcasting   | 3 |  3.9
Armour         | 1 2 |  2.1
Dodging        | 2 |  2.7
Fighting       | 1 2 |  2.0
Short Blades   | 1 |  1.3
Shields        | 1 2 |  2.7
Long Blades    | 1 2 3 4 |  4.0
Stealth        | 3 |  3.1
Throwing       | |  0.7
Transmutations | |  1.1

Action                   |  1- 3 |  4- 6 |  7- 9 || total
-------------------------+-------+-------+-------++-------
Melee: Unarmed           |     7 |       |       ||     7
       Short sword       |       |   158 |       ||   158
       Long sword        |       |    93 |    96 ||   189
Throw: Dart              |       |    15 |     7 ||    22
 Cast: Sandblast         |    53 |    27 |    26 ||   106
 Abil: Dig               |     1 |     1 |       ||     2
       Shaft Self        |       |     1 |       ||     1
  Use: Scroll            |       |     1 |     7 ||     8
       Potion            |       |       |     1 ||     1
 Stab: Sleeping          |       |     2 |       ||     2
Armor: Robe              |     5 |       |    14 ||    19
       Leather armour    |     2 |    43 |    28 ||    73
Dodge: Dodged            |    12 |    94 |    57 ||   163
Block: Kite shield       |       |   130 |    60 ||   190
       Reflection        |       |     2 |     4 ||     6
       Other             |       |       |    12 ||    12

Levels and vault maps discovered:
D:1:      evilmike_arrival_hilbert_curve, layout_basic,
          hellmonk_ecumenical_altar_crossroads, chequers_garden,
          chequers_serial_rivers_marsh
D:2:      layout_basic, basic_altar
D:3:      layout_loops_cross, gammafunk_temple_overflow_pools, uniq_ijyb
D:4:      layout_loops_ring, regret_index_temple_of_mockery,
          nicolae_ossuary_entry_catacombs
D:5:      layout_loops_corners, nicolae_ru_awakened_eye
D:6:      layout_loops_ring, grunt_temple_overflow_open, serial_shops,
          nicolae_shop_advertising_works [nicolae_subvault_shop_adworks],
          nicolae_diamond_shop, nicolae_stop_n_shop_2, shop
D:7:      layout_loops_ring, mainiacjoe_overflow_24_doors,
          mainiacjoe_overflow_concentric_impassable, minmay_temple_entry_glass,
          serial_shops, nicolae_shop_bloodbath_and_beyond

Notes
Turn   | Place    | Note
-------+----------+-------------------------------------------
     0 | D:1      | mortz the Formicid Earth Elementalist began the quest for
                  | the Orb.
     0 | D:1      | Reached XP level 1. HP: 13/13 MP: 3/3
     0 | D:1      | magus.rc [v1.9.6]
   156 | D:1      | Reached skill level 4 in Earth Magic
   156 | D:1      | Reached XP level 2. HP: 17/19 MP: 0/5
   410 | D:1      | Found a faded altar of an unknown god.
   698 | D:1      | Reached XP level 3. HP: 24/24 MP: 4/6
  1788 | D:2      | Reached XP level 4. HP: 30/30 MP: 5/8
  1855 | D:2      | Reached skill level 5 in Earth Magic
  1873 | D:2      | Reached skill level 3 in Spellcasting
  2005 | D:2      | Found a hazy altar of Hepliaklqana.
  2893 | D:3      | Noticed Ijyb
  2912 | D:3      | HP: 6/27 [Ijyb/iceblast (13)]
  2914 | D:3      | You fall into a shaft and drop 2 floors!
  2914 | D:5      | Entered Level 5 of the Dungeon
  3162 | D:5      | Reached XP level 5. HP: 19/36 MP: 4/9
  3329 | D:5      | Found a sacrificial altar of Ru.
  3416 | D:5      | Noticed an ogre
  3649 | D:5      | Noticed a sky beast
  3694 | D:5      | Noticed a phantom
  3862 | D:3      | Found an ornate altar of the Wu Jian Council.
  3862 | D:3      | Found a glowing silver altar of Zin.
  4147 | D:4      | Reached skill level 1 in Armour
  4421 | D:4      | Reached skill level 2 in Dodging
  5028 | D:4      | Reached skill level 1 in Fighting
  5028 | D:4      | Reached skill level 1 in Short Blades
  5028 | D:4      | Reached skill level 1 in Shields
  5098 | D:4      | Reached skill level 1 in Long Blades
  5098 | D:4      | Reached XP level 6. HP: 20/43 MP: 10/10
  5393 | D:4      | Found a hazy altar of Hepliaklqana.
  5394 | D:4      | Found a shimmering altar of Xom.
  5397 | D:4      | Noticed a spectral ugly thing
  5876 | D:4      | Reached skill level 2 in Long Blades
  5876 | D:4      | Reached skill level 3 in Stealth
  6233 | D:5      | Reached XP level 7. HP: 31/48 MP: 11/11
  6812 | D:5      | HP: 9/48 [ogre/+0 giant club (8)]
  7320 | D:6      | Found Poeczusypry's Antique Armour Shop.
  7323 | D:6      | Bought a pair of runed boots for 157 gold pieces
  7398 | D:6      | Found a hide-covered altar of Uskayaw.
  7398 | D:6      | Found an opulent altar of Gozag.
  7432 | D:6      | Reached skill level 2 in Shields
  7458 | D:6      | HP: 10/49 [sky beast (6)]
  7461 | D:6      | HP: 3/49 [sky beast (6)]
  7468 | D:6      | Reached skill level 3 in Long Blades
  7468 | D:6      | Reached skill level 2 in Armour
  7758 | D:6      | You pick up a book of Misfortune and begin reading...
  7758 | D:6      | You add the spells Confusing Touch, Yara's Violent
                  | Unravelling and Enfeeble to your library.
  7791 | D:6      | Found Jaoma's Weapon Emporium.
  7835 | D:6      | You pick up a book of Changes and begin reading...
  7835 | D:6      | You add the spells Beastly Appendage, Wereblood and Spider
                  | Form to your library.
  7854 | D:6      | Learned a level 2 spell: Passwall
  7975 | D:6      | Found Eplyafuk's Book Emporium.
  8187 | D:6      | Found Xeingaum's Antique Armour Shop.
  8350 | D:6      | Bought an embroidered robe for 77 gold pieces
  8548 | D:6      | Learned a level 3 spell: Stone Arrow
  8828 | D:7      | Found an iron altar of Okawaru.
  8832 | D:7      | Noticed a gargoyle
  8967 | D:7      | Found a staircase to the Ecumenical Temple.
  9172 | D:7      | Reached skill level 2 in Fighting
  9172 | D:7      | Reached XP level 8. HP: 47/56 MP: 8/13
  9221 | D:7      | Reached skill level 4 in Long Blades
  9224 | D:7      | HP: 12/56 [orc warrior/+0 long sword (4)]
  9228 | D:7      | Mangled by an orc warrior

Vanquished Creatures
  A sky beast (D:6)
  2 kobold brigands
  An elf skeleton (D:4)
  A centaur zombie (D:7)
  A hound (D:4)
  2 jellies
  A centaur skeleton (D:5)
  A human zombie (D:4)
  2 iguanas (D:5)
  An orc priest (D:7)
  An orc wizard (D:7)
  2 human skeletons (D:4)
  3 adders
  2 white imps (D:5)
  5 worms
  3 dart slugs
  An orc (D:2)
  4 endoplasms
  6 giant cockroaches
  11 goblins
  5 hobgoblins
  14 jackals
  4 quokkas
  5 ball pythons
  5 bats
  4 frilled lizards (D:1)
  23 kobolds
  An orc skeleton (D:4)
  A quokka skeleton (D:4)
  4 rats
117 creatures vanquished.

Table legend:
 A = Non-vault XP
 B = Vault XP
 C = Vault XP percentage of total XP
 D = Non-vault monster count
 E = Vault monster count
 F = Vault count percentage of total count
                 A         B        C        D         E       F
            +---------+---------+-------+---------+---------+-------
      Total |     913 |     198 |  17.8 |     112 |       5 |   4.3
            +---------+---------+-------+---------+---------+-------
        D:1 |      51 |       0 |   0.0 |      29 |       0 |   0.0
        D:2 |      44 |       0 |   0.0 |      22 |       0 |   0.0
        D:3 |      30 |       0 |   0.0 |      14 |       0 |   0.0
        D:4 |     109 |     198 |  64.5 |      19 |       5 |  20.8
        D:5 |     183 |       0 |   0.0 |       6 |       0 |   0.0
        D:6 |     263 |       0 |   0.0 |      11 |       0 |   0.0
        D:7 |     233 |       0 |   0.0 |      11 |       0 |   0.0
            +---------+---------+-------+---------+---------+-------

Illustrated notes

Table legend:
 A = Kills in this place as a percentage of kills in entire the game.
 B = Kills by you in this place as a percentage of kills by you in the entire game.
 C = Kills by friends in this place as a percentage of kills by friends in the entire game.
 D = Other kills in this place as a percentage of other kills in the entire game.
 E = Experience gained in this place as a percentage of experience gained in the entire game.
 F = Experience gained in this place divided by the number of levels of this place that you have seen.
                   A       B       C       D       E      F
               +-------+-------+-------+-------+-------+----------------------
         Total | 100.0 | 100.0 |   N/A |   N/A | 100.0 | 158.7
       Dungeon | 100.0 | 100.0 |   N/A |   N/A | 100.0 | 158.7
               +-------+-------+-------+-------+-------+----------------------

Table legend: (Time is in decaauts)
 A = Elapsed time spent in this place.
 B = Non-inter-level travel time spent in this place.
 C = Inter-level travel time spent in this place.
 D = Time resting spent in this place.
 E = Time spent auto-exploring this place.
 F = Levels seen in this place.
 G = Mean time per level.
                   A        B        C        D        E       F      G
               +--------+--------+--------+--------+--------+-----+--------+
         Total |   9341 |   8824 |    517 |   2765 |   2752 |   7 | 1334.4 |
       Dungeon |   9341 |   8824 |    517 |   2765 |   2752 |   7 | 1334.4 |
               +--------+--------+--------+--------+--------+-----+--------+

Top non-repeatable levels by time:
     D:4: 2192 daAuts
     D:5: 1872 daAuts
     D:6: 1444 daAuts
     D:1: 1413 daAuts
     D:2: 1075 daAuts
     D:3: 853 daAuts
     D:7: 489 daAuts
